 Dungeon Crawl Stone Soup version 0.19.0-2-gae57169 (webtiles) character file.

665 MDvedh the Basher (level 7, -7/40 HPs)
             Began as a Gargoyle Gladiator on Nov 4, 2016.
             Mangled by Duvessa
             ... wielding a +3 rapier of venom
              (10 damage)
             ... on level 4 of the Dungeon.
             The game lasted 00:09:16 (3950 turns).

MDvedh the Basher (Gargoyle Gladiator)              Turns: 3950, Time: 00:09:16

Health: -7/40      AC:  9    Str: 25    XL:     7   Next: 57%
Magic:  16/16      EV: 12    Int:  9    God:
Gold:   107        SH:  0    Dex: 10    Spells: 0 memorised, 6 levels left

rFire  . . .     SeeInvis .     a - +1 flail
rCold  . . .     Gourm    .     b - +0 leather armour
rNeg   + . .     Faith    .     (no shield)
rPois  ∞         Spirit   .     c - +1 helmet
rElec  +         Reflect  .     (no cloak)
rCorr  .         Harm     .     (no gloves)
MR     .....                    (no boots)
Stlth  +.........               o - amulet of regeneration
                                (no ring)
                                g - ring of magical power

@: mighty
A: negative energy resistance 1, electricity resistance, unbreathing,
petrification resistance, rot immunity, AC +4
a: no special abilities


You were on level 4 of the Dungeon.
You were very hungry.

You visited 1 branch of the dungeon, and saw 4 of its levels.
You also visited: Sewer.

You collected 239 gold pieces.
You spent 132 gold pieces at shops.

Inventory:

Hand Weapons
 a - a +1 flail (weapon)
Missiles
 d - 3 throwing nets (quivered)
Armour
 b - a +0 leather armour (worn)
 c - a +1 helmet (worn)
Jewellery
 g - a ring of magical power (left hand)
 o - an amulet of regeneration (around neck)
Scrolls
 i - 2 scrolls of blinking
 j - 3 scrolls of teleportation
 r - a scroll of identify
Potions
 e - a potion of berserk rage
 k - a potion of brilliance
 l - a potion of agility {unknown}
 m - a potion of might
 q - a potion of curing
Comestibles
 f - 2 slices of pizza
 h - 2 bread rations
 n - 2 beef jerkies


   Skills:
 - Level 2.1 Fighting
 + Level 8.6 Maces & Flails
 - Level 1.7 Throwing
 - Level 2.4 Dodging


You had 6 spell levels left.
You didn't know any spells.

Dungeon Overview and Level Annotations

Branches:
Dungeon (4/15)
 Temple: D:4-7

Altars:
Ru
Sif Muna

Shops:
D:4 !

Annotations:
D:3 1 exclusion
D:4 Duvessa


Innate Abilities, Weirdness & Mutations

You are resistant to torment.
Your stone body is resilient. (AC +4)
You are immune to poison.
You resist negative energy. (rN+)
You are resistant to electric shocks. (rElec)
You can survive without breathing.
You are immune to petrification.
You are immune to rotting.


Message History

Duvessa hits you with a rapier of venom!
Dowan gestures at you while chanting. The puff of flame misses you.
Duvessa hits you but does no damage. Dowan misses you.
You bludgeon Dowan!!
You kill Dowan!
Duvessa screams, "No!
How DARE you!"
Duvessa goes berserk!
Duvessa hits you but does no damage.
Duvessa hits you with a rapier of venom!
You closely miss Duvessa.
Duvessa is moderately wounded.
Duvessa barely misses you.
You sock Duvessa!
Duvessa is severely wounded.
Duvessa hits you with a rapier of venom!
* * * LOW HITPOINT WARNING * * *
You closely miss Duvessa.
Duvessa is severely wounded.
Duvessa hits you with a rapier of venom!
You die...

#.#
#.......#.#......#..
#.#
#.......######.#####
#.# #.......# #.#
#.# ########### #.#
#.######## ##.####.#
#........# #.......#
########.# ##.######
#e# #.# #@# ##.##
#)####...# #
#........####### #
######...#.....# #
#####.....###
#.......# #.....#.'
#.....### ###.### #


You could see Duvessa (berserk).

Vanquished Creatures
  2 bullfrogs (Sewer)
  A scorpion (D:3)
  Dowan (D:4)
  The ghost of Galewind the Conjurer, a weakling DECj (D:3)
  A bullfrog skeleton (D:4)
  3 orc priests (D:3)
  Ijyb (D:3)
  An iguana (D:4)
  A worker ant (D:4)
  8 adders
  An adder skeleton (D:4)
  A worm (D:2)
  A dart slug (D:2)
  A leopard gecko (D:3)
  8 orcs (D:3)
  10 bats
  16 giant cockroaches
  15 goblins
  9 hobgoblins
  11 jackals
  4 quokkas
  2 ball pythons (Sewer)
  10 frilled lizards
  6 kobolds
  12 rats
127 creatures vanquished.

Notes
Turn   | Place    | Note
-------+----------+-------------------------------------------
     0 | D:1      | MDvedh the Gargoyle Gladiator began the quest for the Orb.
     0 | D:1      | Reached XP level 1. HP: 12/12 MP: 1/1
   355 | D:1      | Reached XP level 2. HP: 17/17 MP: 2/2
   763 | D:1      | Reached skill level 4 in Maces & Flails
   858 | D:1      | Reached XP level 3. HP: 21/21 MP: 3/3
  1414 | D:2      | Reached XP level 4. HP: 26/26 MP: 4/4
  1608 | D:2      | Reached skill level 5 in Maces & Flails
  1769 | D:3      | Reached XP level 5. HP: 4/30 MP: 5/5
  2211 | D:3      | Noticed Galewind's ghost (weakling DECj)
  2288 | D:3      | Killed Galewind's ghost
  2288 | D:3      | Reached skill level 6 in Maces & Flails
  2420 | D:3      | Found a deep blue altar of Sif Muna.
  2675 | D:3      | Reached XP level 6. HP: 35/35 MP: 6/6
  2783 | D:3      | Reached skill level 7 in Maces & Flails
  2939 | D:3      | Noticed Ijyb
  2955 | D:3      | Killed Ijyb
  3083 | D:4      | Found a glowing drain.
  3222 | D:4      | Reached XP level 7. HP: 25/40 MP: 7/7
  3287 | D:4      | Found Dousiruh's Distillery.
  3321 | Sewer    | Entered a sewer
  3567 | Sewer    | Reached skill level 8 in Maces & Flails
  3642 | D:4      | Bought a potion of heal wounds for 55 gold pieces
  3642 | D:4      | Bought a potion of curing for 33 gold pieces
  3642 | D:4      | Bought a potion of might for 44 gold pieces
  3824 | D:4      | Found a sacrificial altar of Ru.
  3924 | D:4      | Noticed Dowan
  3925 | D:4      | Noticed Duvessa
  3947 | D:4      | Killed Dowan
  3949 | D:4      | HP: 2/40 [Duvessa/rapier of venom (14)]
  3950 | D:4      | Mangled by Duvessa

Skill      XL: |  1  2  3  4  5  6  7 |
---------------+----------------------+-----
Maces & Flails | 4 5 6 7 8 |  8.6
Fighting       | |  2.1
Throwing       | |  1.7
Dodging        | |  2.4

Action                   |  1- 3 |  4- 6 |  7- 9 || total
-------------------------+-------+-------+-------++-------
Melee: Flail             |   133 |   255 |   111 ||   499
  Use: Potion            |       |     1 |     2 ||     3
       Scroll            |       |     7 |     3 ||    10
  Eat: Bread ration      |     1 |       |       ||     1
       Chunk             |       |     4 |     1 ||     5
Armor: Leather armour    |    74 |   131 |    56 ||   261
Dodge: Dodged            |   108 |   237 |    80 ||   425
